Workbook
Name Hidden_13: Hidden_1!$A$1:$A$11
Name Hidden_211: Hidden_2!$A$1:$A$2
Name Hidden_313: Hidden_3!$A$1:$A$2

Sheet Reporte de Formatos
A1: 56157
A2: TÍTULO | D2: NOMBRE CORTO | G2: DESCRIPCIÓN
A3: Gastos por concepto de viáticos y representación | D3: LTAIPSLP84XIV | G3: La información sobre los gastos erogados y asignados a los Servicios de Traslado y Viáticos así como los gastos de representación. Además se difundirá la información relativa a estos conceptos respecto de los integrantes, miembros y/o toda persona que desempeñe un empleo, cargo o comisión en los sujetos obligados o ejerza actos de autoridad en los mismos, incluso cuando estas comisiones oficiales no supongan el ejercicio de recursos económicos.
A4: 1 | B4: 4 | C4: 4 | D4: 9 | E4: 1 | F4: 2 | G4: 2 | H4: 2 | I4: 1 | J4: 1 | K4: 1 | L4: 9 | M4: 1 | N4: 9 | O4: 3 | P4: 6 | Q4: 1 | R4: 1 | S4: 1 | T4: 1 | U4: 1 | V4: 1 | W4: 2 | X4: 4 | Y4: 4 | Z4: 10 | AA4: 6 | AB4: 6 | AC4: 4 | AD4: 7 | AE4: 10 | AF4: 7 | AG4: 2 | AH4: 4 | AI4: 13 | AJ4: 14
A5: 549559 | B5: 549582 | C5: 549583 | D5: 549577 | E5: 549578 | F5: 549566 | G5: 549567 | H5: 549584 | I5: 549556 | J5: 549557 | K5: 549558 | L5: 549581 | M5: 549563 | N5: 549588 | O5: 549569 | P5: 549573 | Q5: 549564 | R5: 549565 | S5: 549585 | T5: 549560 | U5: 549561 | V5: 549562 | W5: 549568 | X5: 549571 | Y5: 549572 | Z5: 549575 | AA5: 549589 | AB5: 549590 | AC5: 549586 | AD5: 549574 | AE5: 549576 | AF5: 549587 | AG5: 549580 | AH5: 549570 | AI5: 549555 | AJ5: 549579
A6: Tabla Campos
A7: Ejercicio | B7: Fecha de inicio del periodo que se informa | C7: Fecha de término del periodo que se informa | D7: Tipo de integrante del sujeto obligado (catálogo) | E7: Clave o nivel del puesto | F7: Denominación del puesto | G7: Denominación del cargo | H7: Área de adscripción | I7: Nombre(s) | J7: Primer apellido | K7: Segundo apellido | L7: Tipo de gasto (Catálogo) | M7: Denominación del encargo o comisión | N7: Tipo de viaje (catálogo) | O7: Número de personas acompañantes en el encargo o comisión | P7: Importe ejercido por el total de acompañantes | Q7: País origen del encargo o comisión | R7: Estado origen del encargo o comisión | S7: Ciudad origen del encargo o comisión | T7: País destino del encargo o comisión | U7: Estado destino del encargo o comisión | V7: Ciudad destino del encargo o comisión | W7: Motivo del encargo o comisión | X7: Fecha de salida del encargo o comisión | Y7: Fecha de regreso del encargo o comisión | Z7: Importe ejercido por partida por concepto Tabla_549575 | AA7: Importe total erogado con motivo del encargo o comisión | AB7: Importe total de gastos no erogados derivados del encargo o comisión | AC7: Fecha de entrega del informe de la comisión o encargo | AD7: Hipervínculo al informe de la comisión o encargo encomendado | AE7: Hipervínculo a las facturas o comprobantes. Tabla_549576 | AF7: Hipervínculo a normativa que regula los gastos por concepto de viáticos y gastos de representación | AG7: Área(s) responsable(s) que genera(n), posee(n), publica(n) y actualizan la información | AH7: Fecha de validación | AI7: Fecha de actualización | AJ7: Nota
A8: 2021 | B8: 44378 | C8: =EOMONTH(B8,0) -> 44408 | D8: Servidor(a) público(a) | E8: 8 | F8: Visitador Adjunto "B" | G8: Visitador Adjunto "B" | H8: Segunda Visitaduria | I8: Tomas | J8: Ramiro | K8: Mar | L8: Viáticos | M8: Audiencia contraloría general del estado | N8: Nacional | O8: 0 | P8: 0 | Q8: México | R8: San Luis Potosí | S8: Ciudad Valles | T8: México | U8: San Luis Potosí | V8: San Luis Potosí | W8: =M8 -> Audiencia contraloría general del estado | X8: 44308 | Y8: 44308 | Z8: 1 | AA8: 454 | AB8: =AA8-Tabla_549575!D4 -> 0 | AC8: 44320 | AD8: http://www.cegaipslp.org.mx/HV2021Dos.nsf/nombre_de_la_vista/E8D0F2AA6856E9D786258772005BB86B/$File/D00085.pdf | AE8: 1 | AF8: http://www.cegaipslp.org.mx/HV2021.nsf/nombre_de_la_vista/6D6BEC3E7D3F1F2086258711007CB092/$File/Lineamientos+XIV.pdf | AG8: Dirección Administrativa | AH8: =EDATE(B8,1)+9 -> 44418 | AI8: =C8 -> 44408 | AJ8: Comprobación de viáticos del mes de abril 2021
A9: =A8 -> 2021 | B9: =B8 -> 44378 | C9: =C8 -> 44408 | D9: Servidor(a) público(a) | E9: 9 | F9: Visitador Adjunto "A" | G9: Visitador Adjunto "A" | H9: Tercera Visitaduria | I9: Edgardo | J9: Gasca | K9: Moreno | L9: Viáticos | M9: Supervisión penitenciaria | N9: Nacional | O9: 0 | P9: 0 | Q9: México | R9: San Luis Potosí | S9: San Luis Potosí | T9: México | U9: San Luis Potosí | V9: Ciudad Valles | W9: =M9 -> Supervisión penitenciaria | X9: 44369 | Y9: 44372 | Z9: 2 | AA9: 7000 | AB9: =AA9-Tabla_549575!D5 -> 851.37 | AC9: 44377 | AD9: http://www.cegaipslp.org.mx/HV2021Dos.nsf/nombre_de_la_vista/A58F03ED0338931186258772005C3521/$File/D00087.pdf | AE9: 2 | AF9: http://www.cegaipslp.org.mx/HV2021.nsf/nombre_de_la_vista/6D6BEC3E7D3F1F2086258711007CB092/$File/Lineamientos+XIV.pdf | AG9: Dirección Administrativa | AH9: =EDATE(B9,1)+9 -> 44418 | AI9: =C9 -> 44408 | AJ9: Comprobación de viáticos del mes de junio 2021
A10: =A9 -> 2021 | B10: =B9 -> 44378 | C10: =C9 -> 44408 | D10: Servidor(a) público(a) | E10: 15 | F10: Visitador General | G10: Visitador General | H10: Segunda Visitaduria | I10: Elvira | J10: Viggiano | K10: Guerra | L10: Viáticos | M10: Audiencia contraloría general del estado | N10: Nacional | O10: 0 | P10: 0 | Q10: México | R10: San Luis Potosí | S10: Ciudad Valles | T10: México | U10: San Luis Potosí | V10: San Luis Potosí | W10: =M10 -> Audiencia contraloría general del estado | X10: 44308 | Y10: 44308 | Z10: 3 | AA10: 2630 | AB10: =AA10-Tabla_549575!D6 -> 586.03 | AC10: 44320 | AD10: http://www.cegaipslp.org.mx/HV2021Dos.nsf/nombre_de_la_vista/EF3DD6BB9344FE1786258772005C97FB/$File/D00088.pdf | AE10: 3 | AF10: http://www.cegaipslp.org.mx/HV2021.nsf/nombre_de_la_vista/6D6BEC3E7D3F1F2086258711007CB092/$File/Lineamientos+XIV.pdf | AG10: Dirección Administrativa | AH10: =EDATE(B10,1)+9 -> 44418 | AI10: =C10 -> 44408 | AJ10: Comprobación de viáticos del mes de abril 2021
A11: =A10 -> 2021 | B11: =B10 -> 44378 | C11: =C10 -> 44408 | D11: Servidor(a) público(a) | E11: 15 | F11: Visitador General | G11: Visitador General | H11: Segunda Visitaduria | I11: Elvira | J11: Viggiano | K11: Guerra | L11: Viáticos | M11: Entrevista con el Consejo de la Comisión Estatal de Derechos Humanos | N11: Nacional | O11: 0 | P11: 0 | Q11: México | R11: San Luis Potosí | S11: Ciudad Valles | T11: México | U11: San Luis Potosí | V11: Ciudad Valles | W11: =M11 -> Entrevista con el Consejo de la Comisión Estatal de Derechos Humanos | X11: 44300 | Y11: 44300 | Z11: 4 | AA11: 1615 | AB11: =AA11-Tabla_549575!D7 -> 358 | AC11: 44344 | AD11: http://www.cegaipslp.org.mx/HV2021Dos.nsf/nombre_de_la_vista/849844F8FEEBB87686258772005CC74B/$File/D00089.pdf | AE11: 4 | AF11: http://www.cegaipslp.org.mx/HV2021.nsf/nombre_de_la_vista/6D6BEC3E7D3F1F2086258711007CB092/$File/Lineamientos+XIV.pdf | AG11: Dirección Administrativa | AH11: =EDATE(B11,1)+9 -> 44418 | AI11: =C11 -> 44408 | AJ11: Comprobación de viáticos del mes de abril 2021 Olivia Bautista Almaraz
A12: =A11 -> 2021 | B12: =B11 -> 44378 | C12: =C11 -> 44408 | D12: Servidor(a) público(a) | E12: 9 | F12: Jefe de Sección de Recursos Materiales y Servicios Generales | G12: Jefe de Sección de Recursos Materiales y Servicios Generales | H12: Direccion General Administrativa | I12: Mario | J12: Mendoza | K12: Cano | L12: Viáticos | M12: Revisión de ejercicio 2018 Auditoria Superior de la Federación | N12: Nacional | O12: 0 | P12: 0 | Q12: México | R12: San Luis Potosí | S12: San Luis Potosí | T12: México | U12: Ciudad de México | V12: Ciudad de México | W12: =M12 -> Revisión de ejercicio 2018 Auditoria Superior de la Federación | X12: 44297 | Y12: 44298 | Z12: 5 | AA12: 3800 | AB12: =AA12-Tabla_549575!D8 -> 911.77 | AC12: 44301 | AD12: http://www.cegaipslp.org.mx/HV2021Dos.nsf/nombre_de_la_vista/6F38E823BC3E4B6A86258772005D1208/$File/D00090.pdf | AE12: 5 | AF12: http://www.cegaipslp.org.mx/HV2021.nsf/nombre_de_la_vista/6D6BEC3E7D3F1F2086258711007CB092/$File/Lineamientos+XIV.pdf | AG12: Dirección Administrativa | AH12: =EDATE(B12,1)+9 -> 44418 | AI12: =C12 -> 44408 | AJ12: Comprobación de viáticos del mes de abril 2021
A13: 2021 | B13: =B12 -> 44378 | C13: =C12 -> 44408 | D13: Servidor(a) público(a) | E13: 8 | F13: Visitador Adjunto "B" | G13: Visitador Adjunto "B" | H13: Segunda Visitaduria | I13: Nancy | J13: Lucina | K13: Ramirez | L13: Viáticos | M13: Entrevista con el Consejo de la Comisión Estatal de Derechos Humanos | N13: Nacional | O13: 0 | P13: 0 | Q13: México | R13: San Luis Potosí | S13: Ciudad Valles | T13: México | U13: San Luis Potosí | V13: San Luis Potosí | W13: =M13 -> Entrevista con el Consejo de la Comisión Estatal de Derechos Humanos | X13: 44300 | Y13: 44300 | Z13: 6 | AA13: 952 | AB13: =AA13-Tabla_549575!D9 -> 240 | AC13: 44306 | AD13: http://www.cegaipslp.org.mx/HV2021Dos.nsf/nombre_de_la_vista/98BFE46A609C4CE586258772005D6885/$File/D00091.pdf | AE13: 6 | AF13: http://www.cegaipslp.org.mx/HV2021.nsf/nombre_de_la_vista/6D6BEC3E7D3F1F2086258711007CB092/$File/Lineamientos+XIV.pdf | AG13: Dirección Administrativa | AH13: =EDATE(B13,1)+9 -> 44418 | AI13: =C13 -> 44408 | AJ13: Comprobación de viáticos del mes de abril 2021
A14: 2021 | B14: =B13 -> 44378 | C14: =C13 -> 44408 | D14: Otro | E14: 0 | F14: Consejera | G14: Consejera | H14: Consejo | I14: Edith | J14: Perez | K14: Rodriguez | L14: Viáticos | M14: Reunion de Consejo | N14: Nacional | O14: 0 | P14: 0 | Q14: México | R14: San Luis Potosí | S14: Tamuín | T14: México | U14: San Luis Potosí | V14: San Luis Potosí | W14: =M14 -> Reunion de Consejo | X14: 44375 | Y14: 44376 | Z14: 7 | AA14: 1118 | AB14: =AA14-Tabla_549575!D10 -> 0 | AC14: 44348 | AD14: http://www.cegaipslp.org.mx/HV2021Dos.nsf/nombre_de_la_vista/B09374FF5BF5892086258772005E0F71/$File/C00612.pdf | AE14: 7 | AF14: http://www.cegaipslp.org.mx/HV2021.nsf/nombre_de_la_vista/6D6BEC3E7D3F1F2086258711007CB092/$File/Lineamientos+XIV.pdf | AG14: Dirección Administrativa | AH14: =EDATE(B14,1)+9 -> 44418 | AI14: =C14 -> 44408 | AJ14: No se genera información
A15: 2021 | B15: =B14 -> 44378 | C15: =C14 -> 44408 | D15: Servidor[a] público[a] eventual | E15: 0 | F15: Trabajador Eventual | G15: Trabajador Eventual | H15: Presidencia | I15: Ana Lilia | J15: Torres | K15: Perez | L15: Viáticos | M15: Reunión de trabajo | N15: Nacional | O15: 0 | P15: 0 | Q15: México | R15: San Luis Potosí | S15: San Luis Potosí | T15: México | U15: Ciudad de México | V15: Ciudad de México | W15: =M15 -> Reunión de trabajo | X15: 44365 | Y15: 44365 | Z15: 8 | AA15: 330 | AB15: =AA15-Tabla_549575!D11 -> 0 | AC15: 44371 | AD15: http://www.cegaipslp.org.mx/HV2021Dos.nsf/nombre_de_la_vista/445BAC1099104CBD862587720059DDAE/$File/C00699.pdf | AE15: 8 | AF15: http://www.cegaipslp.org.mx/HV2021.nsf/nombre_de_la_vista/6D6BEC3E7D3F1F2086258711007CB092/$File/Lineamientos+XIV.pdf | AG15: Dirección Administrativa | AH15: =EDATE(B15,1)+9 -> 44418 | AI15: =C15 -> 44408 | AJ15: Reposición de viáticos del mes de junio 2021
A16: 2021 | B16: =B15 -> 44378 | C16: =C15 -> 44408 | D16: Servidor(a) público(a) | E16: 9 | F16: Visitador Adjunto "A" | G16: Visitador Adjunto "A" | H16: Primera Visitaduria | I16: Marcos Alejandro | J16: Lopez | K16: Banda | L16: Viáticos | M16: Diligencias de expedientes | N16: Nacional | O16: 0 | P16: 0 | Q16: México | R16: San Luis Potosí | S16: San Luis Potosí | T16: México | U16: San Luis Potosí | V16: Villa Hidalgo | W16: =M16 -> Diligencias de expedientes | X16: 44371 | Y16: 44371 | Z16: 9 | AA16: 218 | AB16: =AA16-Tabla_549575!D12 -> 0 | AC16: 44378 | AD16: http://www.cegaipslp.org.mx/HV2021Dos.nsf/nombre_de_la_vista/E25DFD27BD178CB886258772005A127D/$File/C00701.pdf | AE16: 9 | AF16: http://www.cegaipslp.org.mx/HV2021.nsf/nombre_de_la_vista/6D6BEC3E7D3F1F2086258711007CB092/$File/Lineamientos+XIV.pdf | AG16: Dirección Administrativa | AH16: =EDATE(B16,1)+9 -> 44418 | AI16: =C16 -> 44408 | AJ16: No se genera información
A17: 2021 | B17: =B16 -> 44378 | C17: =C16 -> 44408 | D17: Servidor(a) público(a) | E17: 8 | F17: Capacitador | G17: Capacitador | H17: Direccion de Equidad de Genero y No Discriminacion | I17: Alejandra | J17: Collazo | K17: Rodriguez | L17: Viáticos | M17: Reunión de trabajo | N17: Nacional | O17: 0 | P17: 0 | Q17: México | R17: San Luis Potosí | S17: San Luis Potosí | T17: México | U17: San Luis Potosí | V17: San Luis Potosí | W17: =M17 -> Reunión de trabajo | X17: 44375 | Y17: 44375 | Z17: 10 | AA17: 100 | AB17: =AA17-Tabla_549575!D13 -> 0 | AC17: 44376 | AD17: http://www.cegaipslp.org.mx/HV2021Dos.nsf/nombre_de_la_vista/47C7D306A134C1E086258772005A41E2/$File/C00703.pdf | AE17: 10 | AF17: http://www.cegaipslp.org.mx/HV2021.nsf/nombre_de_la_vista/6D6BEC3E7D3F1F2086258711007CB092/$File/Lineamientos+XIV.pdf | AG17: Dirección Administrativa | AH17: =EDATE(B17,1)+9 -> 44418 | AI17: =C17 -> 44408 | AJ17: No se genera información
A18: 2021 | B18: =B17 -> 44378 | C18: =C17 -> 44408 | D18: Servidor(a) público(a) | E18: 15 | F18: Visitador General | G18: Visitador General | H18: Tercera Visitaduria | I18: Alejandro | J18: Garcia | K18: Alvarado | L18: Viáticos | M18: Diagnostico nacional de supervisión penitenciaria | N18: Nacional | O18: 0 | P18: 0 | Q18: México | R18: San Luis Potosí | S18: San Luis Potosí | T18: México | U18: San Luis Potosí | V18: Rioverde | W18: =M18 -> Diagnostico nacional de supervisión penitenciaria | X18: 44369 | Y18: 44370 | Z18: 11 | AA18: 981.06 | AB18: =AA18-Tabla_549575!D14 -> 0 | AC18: 44375 | AD18: http://www.cegaipslp.org.mx/HV2021Dos.nsf/nombre_de_la_vista/DCC02E4F3969647286258772005A7C90/$File/C00705.pdf | AE18: 11 | AF18: http://www.cegaipslp.org.mx/HV2021.nsf/nombre_de_la_vista/6D6BEC3E7D3F1F2086258711007CB092/$File/Lineamientos+XIV.pdf | AG18: Dirección Administrativa | AH18: =EDATE(B18,1)+9 -> 44418 | AI18: =C18 -> 44408 | AJ18: No se genera información
A19: 2021 | B19: =B18 -> 44378 | C19: =C18 -> 44408 | D19: Servidor(a) público(a) | E19: 8 | F19: Visitador Adjunto Psicólogo | G19: Visitador Adjunto Psicólogo | H19: Primera Visitaduria | I19: Frida Libertad | J19: Ceballos | K19: Juarez | L19: Viáticos | M19: Realizar valoraciones psicológicas | N19: Nacional | O19: 0 | P19: 0 | Q19: México | R19: San Luis Potosí | S19: San Luis Potosí | T19: México | U19: San Luis Potosí | V19: Matehuala | W19: =M19 -> Realizar valoraciones psicológicas | X19: 44375 | Y19: 44375 | Z19: 12 | AA19: 536.6 | AB19: =AA19-Tabla_549575!D15 -> 0 | AC19: 44378 | AD19: http://www.cegaipslp.org.mx/HV2021Dos.nsf/nombre_de_la_vista/6486EEF3B9AA5BBF86258772005AB6D7/$File/C00706.pdf | AE19: 12 | AF19: http://www.cegaipslp.org.mx/HV2021.nsf/nombre_de_la_vista/6D6BEC3E7D3F1F2086258711007CB092/$File/Lineamientos+XIV.pdf | AG19: Dirección Administrativa | AH19: =EDATE(B19,1)+9 -> 44418 | AI19: =C19 -> 44408 | AJ19: No se genera información
A20: 2021 | B20: =B19 -> 44378 | C20: =C19 -> 44408 | D20: Servidor(a) público(a) | E20: 15 | F20: Visitador General | G20: Visitador General | H20: Primera Visitaduria | I20: Laura | J20: Aguilar | K20: Perez | L20: Viáticos | M20: Reunión de trabajo | N20: Nacional | O20: 0 | P20: 0 | Q20: México | R20: San Luis Potosí | S20: San Luis Potosí | T20: México | U20: Ciudad de México | V20: Ciudad de México | W20: =M20 -> Reunión de trabajo | X20: 44365 | Y20: 44365 | Z20: 13 | AA20: 331 | AB20: =AA20-Tabla_549575!D16 -> 0 | AC20: 44371 | AD20: http://www.cegaipslp.org.mx/HV2021Dos.nsf/nombre_de_la_vista/84A6C6A84EBC470D86258772005AE8F9/$File/C00707.pdf | AE20: 13 | AF20: http://www.cegaipslp.org.mx/HV2021.nsf/nombre_de_la_vista/6D6BEC3E7D3F1F2086258711007CB092/$File/Lineamientos+XIV.pdf | AG20: Dirección Administrativa | AH20: =EDATE(B20,1)+9 -> 44418 | AI20: =C20 -> 44408 | AJ20: No se genera información
A21: 2021 | B21: =B20 -> 44378 | C21: =C20 -> 44408 | D21: Servidor[a] público[a] eventual | E21: 0 | F21: Trabajador Eventual | G21: Trabajador Eventual | H21: Contraloria Interna | I21: Karla Ivette | J21: Melo | K21: Monzalvo | L21: Viáticos | M21: Notificacion | N21: Nacional | O21: 0 | P21: 0 | Q21: México | R21: San Luis Potosí | S21: San Luis Potosí | T21: México | U21: San Luis Potosí | V21: Matehuala | W21: =M21 -> Notificacion | X21: 44361 | Y21: 44361 | Z21: 14 | AA21: 435 | AB21: =AA21-Tabla_549575!D17 -> 0 | AC21: 44379 | AD21: http://www.cegaipslp.org.mx/HV2021Dos.nsf/nombre_de_la_vista/728D8E30A6403C0786258772005B2252/$File/C00708.pdf | AE21: 14 | AF21: http://www.cegaipslp.org.mx/HV2021.nsf/nombre_de_la_vista/6D6BEC3E7D3F1F2086258711007CB092/$File/Lineamientos+XIV.pdf | AG21: Dirección Administrativa | AH21: =EDATE(B21,1)+9 -> 44418 | AI21: =C21 -> 44408 | AJ21: No se genera información
A22: 2021 | B22: =B21 -> 44378 | C22: =C21 -> 44408 | D22: Otro | E22: 0 | F22: Consejera | G22: Consejera | H22: Consejo | I22: Cynthia Danira | J22: Juarez | K22: Camacho | L22: Viáticos | M22: Sesión ordinaria de Consejo | N22: Nacional | O22: 0 | P22: 0 | Q22: México | R22: San Luis Potosí | S22: Ciudad Valles | T22: México | U22: San Luis Potosí | V22: San Luis Potosí | W22: =M22 -> Sesión ordinaria de Consejo | X22: 44375 | Y22: 44375 | Z22: 15 | AA22: 1930 | AB22: =AA22-Tabla_549575!D18 -> 0 | AC22: 44378 | AD22: http://www.cegaipslp.org.mx/HV2021Dos.nsf/nombre_de_la_vista/32359BF4E7ECCFBB862587720058963F/$File/C00618.pdf | AE22: 15 | AF22: http://www.cegaipslp.org.mx/HV2021.nsf/nombre_de_la_vista/6D6BEC3E7D3F1F2086258711007CB092/$File/Lineamientos+XIV.pdf | AG22: Dirección Administrativa | AH22: =EDATE(B22,1)+9 -> 44418 | AI22: =C22 -> 44408 | AJ22: No se genera información
A23: 2021 | B23: =B22 -> 44378 | C23: =C22 -> 44408 | D23: Otro | E23: 0 | F23: Consejera | G23: Consejera | H23: Consejo | I23: Edith | J23: Perez | K23: Rodriguez | L23: Viáticos | M23: Sesión ordinaria de Consejo | N23: Nacional | O23: 0 | P23: 0 | Q23: México | R23: San Luis Potosí | S23: Tamuín | T23: México | U23: San Luis Potosí | V23: San Luis Potosí | W23: =M23 -> Sesión ordinaria de Consejo | X23: 44375 | Y23: 44375 | Z23: 16 | AA23: 2646.61 | AB23: =AA23-Tabla_549575!D19 -> 0 | AC23: 44378 | AD23: http://www.cegaipslp.org.mx/HV2021Dos.nsf/nombre_de_la_vista/39541E672EA47F768625877200593EBB/$File/C00620.pdf | AE23: 16 | AF23: http://www.cegaipslp.org.mx/HV2021.nsf/nombre_de_la_vista/6D6BEC3E7D3F1F2086258711007CB092/$File/Lineamientos+XIV.pdf | AG23: Dirección Administrativa | AH23: =EDATE(B23,1)+9 -> 44418 | AI23: =C23 -> 44408 | AJ23: No se genera información
A24: 2021 | B24: =B23 -> 44378 | C24: =C23 -> 44408 | D24: Servidor(a) público(a) | E24: 9 | F24: Visitador Adjunto "A" | G24: Visitador Adjunto "A" | H24: Presidencia | I24: Julio Jose | J24: Galarza | K24: Ortiz | L24: Viáticos | M24: Diagnostico nacional de supervisión penitenciaria | N24: Nacional | O24: 0 | P24: 0 | Q24: México | R24: San Luis Potosí | S24: San Luis Potosí | T24: México | U24: San Luis Potosí | V24: Rioverde | W24: =M24 -> Diagnostico nacional de supervisión penitenciaria | X24: 44369 | Y24: 44370 | Z24: 17 | AA24: 40 | AB24: =AA24-Tabla_549575!D20 -> 0 | AC24: 44375 | AD24: http://www.cegaipslp.org.mx/HV2021Dos.nsf/nombre_de_la_vista/5839F4C0F81293CE86258772005DAD9C/$File/D00092.pdf | AE24: 17 | AF24: http://www.cegaipslp.org.mx/HV2021.nsf/nombre_de_la_vista/6D6BEC3E7D3F1F2086258711007CB092/$File/Lineamientos+XIV.pdf | AG24: Dirección Administrativa | AH24: =EDATE(B24,1)+9 -> 44418 | AI24: =C24 -> 44408 | AJ24: No se genera información
... A32: 2021 | B32: =B31 -> 44378 | C32: =C31 -> 44408 | D32: Servidor(a) público(a) | E32: 9 | F32: Visitador Adjunto "A" | G32: Visitador Adjunto "A" | H32: Presidencia | I32: Julio Jose | J32: Galarza | K32: Ortiz | L32: Viáticos | M32: Reunión de trabajo | N32: Nacional | O32: 0 | P32: 0 | Q32: México | R32: San Luis Potosí | S32: San Luis Potosí | T32: México | U32: Ciudad de México | V32: Ciudad de México | W32: =M32 -> Reunión de trabajo | X32: 44378 | Y32: 44378 | Z32: 25 | AA32: 433 | AB32: =AA32-Tabla_549575!D28 -> 0 | AC32: 44386 | AD32: http://www.cegaipslp.org.mx/HV2021Dos.nsf/nombre_de_la_vista/CAA348E99818034586258772005ED3FF/$File/C00714.pdf | AE32: 25 | AF32: http://www.cegaipslp.org.mx/HV2021.nsf/nombre_de_la_vista/6D6BEC3E7D3F1F2086258711007CB092/$File/Lineamientos+XIV.pdf | AG32: Dirección Administrativa | AH32: =EDATE(B32,1)+9 -> 44418 | AI32: =C32 -> 44408 | AJ32: No se genera información

Sheet Hidden_1
A1: Funcionario
A2: Servidor(a) público(a)
A3: Servidor[a] público[a] eventual
A4: Integrante
A5: Empleado
A6: Representante popular
A7: Miembro del poder judicial
A8: Miembro de órgano autónomo
A9: Personal de confianza
A10: Prestador de servicios profesionales
A11: Otro

Sheet Hidden_2
A1: Viáticos
A2: Representación

Sheet Hidden_3
A1: Nacional
A2: Internacional

Sheet Tabla_549575
B1: 1 | C1: 2 | D1: 6
B2: 70067 | C2: 70068 | D2: 70069
A3: ID | B3: Clave de la partida de cada uno de los conceptos correspondientes | C3: Denominación de la partida de cada uno de los conceptos correspondientes | D3: Importe ejercido erogado por concepto de gastos de viáticos o gastos de representación
A4: 1 | C4: Comprobacion de Viaticos | D4: 454
A5: 2 | C5: Comprobacion de Viaticos | D5: 6148.63
A6: 3 | C6: Comprobacion de Viaticos | D6: 2043.97
A7: 4 | C7: Comprobacion de Viaticos | D7: 1257
A8: 5 | C8: Comprobacion de Viaticos | D8: 2888.23
A9: 6 | C9: Comprobacion de Viaticos | D9: 712
A10: 7 | C10: Viaticos | D10: 1118
A11: 8 | C11: Reposicion de Viaticos | D11: 330
A12: 9 | C12: Reposicion de Viaticos | D12: 218
A13: 10 | C13: Reposicion de Gastos | D13: 100
A14: 11 | C14: Reposicion de Viaticos | D14: 981.06
A15: 12 | C15: Reposicion de Viaticos | D15: 536.6
... A28: 25 | C28: Reposicion de Viaticos | D28: 433

Sheet Tabla_549576
B1: 7
B2: 70070
A3: ID | B3: Hipervínculo a las facturas o comprobantes
A4: 1 | B4: http://www.cegaipslp.org.mx/HV2021Dos.nsf/nombre_de_la_vista/E8D0F2AA6856E9D786258772005BB86B/$File/D00085.pdf
A5: 2 | B5: http://www.cegaipslp.org.mx/HV2021Dos.nsf/nombre_de_la_vista/A58F03ED0338931186258772005C3521/$File/D00087.pdf
A6: 3 | B6: http://www.cegaipslp.org.mx/HV2021Dos.nsf/nombre_de_la_vista/EF3DD6BB9344FE1786258772005C97FB/$File/D00088.pdf
A7: 4 | B7: http://www.cegaipslp.org.mx/HV2021Dos.nsf/nombre_de_la_vista/849844F8FEEBB87686258772005CC74B/$File/D00089.pdf
A8: 5 | B8: http://www.cegaipslp.org.mx/HV2021Dos.nsf/nombre_de_la_vista/6F38E823BC3E4B6A86258772005D1208/$File/D00090.pdf
A9: 6 | B9: http://www.cegaipslp.org.mx/HV2021Dos.nsf/nombre_de_la_vista/98BFE46A609C4CE586258772005D6885/$File/D00091.pdf
A10: 7 | B10: http://www.cegaipslp.org.mx/HV2021Dos.nsf/nombre_de_la_vista/B09374FF5BF5892086258772005E0F71/$File/C00612.pdf
A11: 8 | B11: http://www.cegaipslp.org.mx/HV2021Dos.nsf/nombre_de_la_vista/445BAC1099104CBD862587720059DDAE/$File/C00699.pdf
A12: 9 | B12: http://www.cegaipslp.org.mx/HV2021Dos.nsf/nombre_de_la_vista/E25DFD27BD178CB886258772005A127D/$File/C00701.pdf
A13: 10 | B13: http://www.cegaipslp.org.mx/HV2021Dos.nsf/nombre_de_la_vista/47C7D306A134C1E086258772005A41E2/$File/C00703.pdf
A14: 11 | B14: http://www.cegaipslp.org.mx/HV2021Dos.nsf/nombre_de_la_vista/DCC02E4F3969647286258772005A7C90/$File/C00705.pdf
A15: 12 | B15: http://www.cegaipslp.org.mx/HV2021Dos.nsf/nombre_de_la_vista/6486EEF3B9AA5BBF86258772005AB6D7/$File/C00706.pdf
... A28: 25 | B28: http://www.cegaipslp.org.mx/HV2021Dos.nsf/nombre_de_la_vista/CAA348E99818034586258772005ED3FF/$File/C00714.pdf
